 Dungeon Crawl Stone Soup version 0.21.1-1-g345015f (webtiles) character file.

653 inc the Magician (level 7, -4/41 HPs)
             Began as an Octopode Enchanter on Apr 25, 2018.
             Was an Initiate of Gozag.
             Slain by a mummy (11 damage)
             ... in an ossuary.
             The game lasted 00:10:26 (6369 turns).

inc the Magician (Octopode Enchanter)               Turns: 6369, Time: 00:10:27

Health: -4/41      AC:  9    Str:  7    XL:     7   Next: 54%
Magic:  13/16      EV: 13    Int: 20    God:    Gozag
Gold:   280        SH:  0    Dex: 12    Spells: 9/18 levels left

rFire    . . .     SeeInvis .   a - +1 dagger
rCold    . . .     Gourm    .   (no shield)
rNeg     . . .     Faith    .   (helmet restricted)
rPois    .         Spirit   .   (no amulet)
rElec    .         Reflect  .   n - +3 ring of protection
rCorr    .         Harm     .   (no ring)
MR       .....                  (no ring)
Stlth    ++++......             (no ring)
HPRegen  0.13/turn              (no ring)
MPRegen  0.15/turn              (no ring)
                                (no ring)
                                (no ring)

@: icy armour, gold aura, slow
A: almost no armour, stealthy swim, amphibious, 8 rings, constrict 8, camouflage
1, gelatinous body 1
a: Potion Petition, Call Merchant, Bribe Branch, Renounce Religion


You were in an ossuary.
You worshipped Gozag.
Gozag was aware of your devotion.
You were not hungry.

You visited 2 branches of the dungeon, and saw 6 of its levels.
You also visited: Sewer and Ossuary.

You collected 353 gold pieces.
You paid 73 gold pieces to Gozag.

Inventory:

Hand Weapons
 a - a +1 dagger (weapon)
 l - a +0 whip
Jewellery
 n - a +3 ring of protection (left tentacle)
Wands
 d - a wand of acid (9)
Scrolls
 e - 3 scrolls of identify
 g - 2 scrolls of amnesia
 i - 4 scrolls of teleportation
 j - 2 scrolls of enchant armour
Potions
 f - a potion of heal wounds
 h - 2 potions of lignification {unknown}
 k - a potion of magic {unknown}
 m - a potion of brilliance
 o - a potion of curing {unknown}
 p - 5 potions of flight
Books
 b - a book of Maledictions

   Spells                             Type                      Level
   a - Corona                         Hexes                        1
   b - Ensorcelled Hibernation        Hexes/Ice                    2
   c - Confuse                        Hexes                        3
   d - Tukima's Dance                 Hexes                        3
   e - Dazzling Spray                 Conjuration/Hexes            3
 q - a book of Cantrips

   Spells                             Type                      Level
   a - Confusing Touch                Hexes                        1
   b - Animate Skeleton               Necromancy                   1
   c - Summon Small Mammal            Summoning                    1
   d - Apportation                    Translocation                1
 r - a book of Frost

   Spells                             Type                      Level
   a - Freeze                         Ice                          1
   b - Throw Frost                    Conjuration/Ice              2
   c - Ozocubu's Armour               Charms/Ice                   3
   d - Throw Icicle                   Conjuration/Ice              4
   e - Summon Ice Beast               Ice/Summoning                4
Comestibles
 c - 4 rations


   Skills:
 - Level 3.0 Short Blades
 - Level 2.0 Dodging
 - Level 5.4 Stealth
 - Level 6.0 Spellcasting
 - Level 3.0 Hexes
 + Level 2.5 Ice Magic


You had 9 spell levels left.
You knew the following spells:

 Your Spells              Type           Power        Failure   Level  Hunger
a - Confusing Touch       Hex            ###...       3%          1    None
b - Ensorcelled Hibernat  Hex/Ice        ###...       4%          2    None
c - Confuse               Hex            ###.....     9%          3    ##.....
d - Ozocubu's Armour      Chrm/Ice       ##......     19%         3    ##.....


Dungeon Overview and Level Annotations

Branches:
Dungeon (5/15)             Temple (1/1) D:4

Altars:
Ashenzari
Cheibriados
Dithmenos
Elyvilon
Fedhas
Gozag
Hepliaklqana
Kikubaaqudgha
Makhleb
Okawaru
Ru
Trog
Uskayaw
Vehumet
Wu Jian
Xom
Yredelemnul
Zin
The Shining One


Innate Abilities, Weirdness & Mutations

You cannot wear most types of armour.
You are very stealthy in the water. (Stealth+)
You are amphibious.
You can wear up to eight rings at the same time.
You can use your tentacles to constrict eight enemies at once.
Your skin changes colour to match your surroundings (Stealth+).
Your rubbery body absorbs attacks. (AC +1, EV +1)


Message History

* * * LOW HITPOINT WARNING * * *
The kobold zombie closely misses you. The mummy barely misses you.
You hit the kobold zombie. You grab the kobold zombie.
The kobold zombie is severely damaged.
You constrict the mummy. x2; You constrict the kobold zombie.
The mummy barely misses you.
You hit the mummy but do no damage.
The mummy is heavily damaged.
You constrict the mummy. x2; You constrict the kobold zombie.
The kobold zombie closely misses you. The mummy hits you but does no damage.
You hit the mummy.
The mummy is almost destroyed.
You constrict the mummy. x2; You constrict the kobold zombie.
You destroy the kobold zombie!
The mummy barely misses you.
You hit the mummy.
You destroy the mummy!
You constrict the mummy. The mummy hits you!
You die...
Your body crumbles into a pile of gold.

Z......M......
............Z
...........
#........
#...... #....#
#...M# $
#..$M# $ $
#..$@# $ $$
#....# $$ $
#....# $ $$
#....# $$ $
#....# $ $
#.∩∩.# $
######


You could see 2 mummies.

Vanquished Creatures
  An ogre (D:4)
  A bullfrog (D:3)
  2 orc priests (D:4)
  2 orc wizards
  2 merfolk sirens (Sewer)
  3 worker ants (D:4)
  A merfolk avatar (Sewer)
  A mummy (Ossuary)
  10 adders
  2 river rats (Sewer)
  An ooze (D:1)
  An adder skeleton (D:5)
  4 worms
  2 dart slugs (D:1)
  4 leopard geckos
  9 orcs
  8 bats
  4 giant cockroaches
  2 goblins
  7 hobgoblins
  4 jackals (D:1)
  9 ball pythons (Sewer)
  6 frilled lizards
  2 gnoll zombies (Ossuary)
  A hobgoblin zombie (Ossuary)
  6 kobolds
  A kobold zombie (Ossuary)
  2 orc zombies (Ossuary)
  24 rats
122 creatures vanquished.

Notes
Turn   | Place    | Note
-------+----------+-------------------------------------------
     0 | D:1      | inc the Octopode Enchanter began the quest for the Orb.
     0 | D:1      | Reached XP level 1. HP: 11/11 MP: 3/3
   178 | D:1      | Reached XP level 2. HP: 17/17 MP: 5/5
   273 | D:1      | Learned a level 2 spell: Ensorcelled Hibernation
   573 | D:1      | Reached XP level 3. HP: 19/21 MP: 3/6
  1077 | D:2      | Found a faded altar of an unknown god.
  1326 | D:2      | Reached skill level 3 in Spellcasting
  1345 | D:2      | Reached XP level 4. HP: 25/27 MP: 1/9
  1961 | D:3      | Reached skill level 4 in Spellcasting
  2386 | D:3      | Found a glowing drain.
  2395 | Sewer    | Entered a sewer
  2422 | Sewer    | Reached XP level 5. HP: 25/31 MP: 11/11
  2501 | Sewer    | Learned a level 3 spell: Confuse
  2890 | Sewer    | Reached skill level 5 in Spellcasting
  3195 | Sewer    | Noticed a malarious merfolk avatar
  3220 | Sewer    | Killed a malarious merfolk avatar
  3220 | Sewer    | Reached XP level 6. HP: 15/36 MP: 13/13
  4235 | D:3      | Reached skill level 6 in Spellcasting
  4994 | D:4      | Reached skill level 5 in Stealth
  4994 | D:4      | Reached XP level 7. HP: 26/41 MP: 2/16
  5190 | D:4      | Found a staircase to the Ecumenical Temple.
  5199 | Temple   | Entered the Ecumenical Temple
  5392 | Temple   | Became a worshipper of Gozag Ym Sagoz the Greedy
  5504 | D:4      | Reached skill level 1 in Ice Magic
  5623 | D:4      | Found an iron altar of Okawaru.
  6229 | D:5      | Entered Level 5 of the Dungeon
  6240 | D:5      | Found a burning altar of Makhleb.
  6243 | D:5      | Found a glowing silver altar of Zin.
  6313 | D:5      | Learned a level 1 spell: Confusing Touch
  6317 | D:5      | Learned a level 3 spell: Ozocubu's Armour
  6317 | D:5      | Found a sand-covered staircase.
  6326 | Ossuary  | Entered an ossuary
  6369 | Ossuary  | Slain by a mummy

Skill      XL: |  1  2  3  4  5  6  7 |
---------------+----------------------+-----
Short Blades   | 2 3 |  3.0
Spellcasting   | 3 4 5 6 |  6.0
Stealth        | 5 |  5.4
Ice Magic      | 2 |  2.5
Dodging        | |  2.0
Hexes          | |  3.0

Action                   |  1- 3 |  4- 6 |  7- 9 || total
-------------------------+-------+-------+-------++-------
Melee: Dagger            |    52 |    41 |    68 ||   161
       Constrict         |    10 |    43 |    17 ||    70
       Tentacles         |     6 |    17 |     9 ||    32
       Whip              |       |   120 |       ||   120
 Cast: Ensorcelled Hiber |    12 |    29 |    15 ||    56
       Confuse           |       |     3 |       ||     3
       Ozocubu's Armour  |       |       |     1 ||     1
  Use: Scroll            |       |     7 |       ||     7
       Potion            |       |       |     1 ||     1
 Stab: Sleeping          |    20 |    28 |     9 ||    57
  Eat: Chunk             |     2 |     8 |     1 ||    11
       Ration            |       |     1 |     2 ||     3
Armor: Skin              |     1 |    20 |     6 ||    27
Dodge: Dodged            |    13 |   103 |    40 ||   156
